 Dungeon Crawl Stone Soup version 0.30-a0-297-g0ec75d9ef4 (webtiles) character file.

Game seed: 3699062346467769078

68 lonewolfV2 the Shield-Bearer (level 4, -2/44 HPs)
             Began as a Troll Fighter on Oct 20, 2022.
             Slain by Ijyb
             ... wielding a +0 dagger
              (4 damage)
             ... on level 3 of the Dungeon.
             The game lasted 00:02:16 (1501 turns).

lonewolfV2 the Shield-Bearer (Troll Fighter)        Turns: 1501, Time: 00:02:16

Health: -2/44      AC:  4    Str: 26    XL:     4   Next: 1%
Magic:  3/3        EV:  8    Int: 10    God:
Gold:   99         SH:  7    Dex:  9    Spells: 3/3 levels left

rFire   . . .      SeeInvis .      - Unarmed
rCold   . . .      Faith    .    b - +0 kite shield
rNeg    . . .      Spirit   .    a - +0 robe
rPois   .          Reflect  .    (helmet restricted)
rElec   .          Harm     .    (no cloak)
rCorr   .          Rampage  .    (gloves unavailable)
Will    .....                    (boots unavailable)
Stlth   +.........               (no amulet)
HPRegen 1.07/turn                e - +6 ring of intelligence
MPRegen 0.08/turn                (no ring)

@: mighty
A: large, unfitting armour, claws 3, regeneration 1, shaggy fur 1, tough skin 1
a: no special abilities


You were on level 3 of the Dungeon.
You visited 1 branch of the dungeon, and saw 3 of its levels.

You collected 99 gold pieces.

Inventory:

Armour
 a - a +0 robe (worn)
 b - a +0 kite shield (worn)
Jewellery
 e - a +6 ring of intelligence (left claw)
Scrolls
 d - a scroll of fear {unknown}
 f - a scroll of poison {unknown}
 g - 5 scrolls of teleportation {unknown}
 h - a scroll of noise {unknown}
 i - a scroll of enchant weapon {unknown}
 j - 2 scrolls of amnesia {unknown}
 m - a scroll of blinking {unknown}
 n - a scroll of immolation {unknown}
 p - a scroll of identify {unknown}
 q - a scroll of acquirement {unknown}
Potions
 k - a potion of magic {unknown}
 l - a potion of degeneration {unknown}
 o - 3 potions of curing {unknown}


   Skills:
 + Level 2.9 Fighting
 + Level 3.0 Dodging
 + Level 3.1 Shields
 * Level 2.8 Unarmed Combat


You had 3 spell levels left.
You didn't know any spells.
Your spell library contained the following spells:

 Spells                   Type           Power      Damage    Failure   Level
 Static Discharge         Conj/Air       0%         2-2/arc   80%         2
 Vhi's Electric Charge    Tloc/Air       0%         N/A       95%         3
 Arcjolt                  Conj/Air       0%         1d10      100%        5
 Lightning Bolt           Conj/Air       0%         1d11      100%        5


Dungeon Overview and Level Annotations

Branches:
Dungeon (3/15)

Altars:

Annotations:
D:3 Ijyb


Innate Abilities, Weirdness & Mutations

You are too large for most types of armour.
You have claws for hands.
Your natural rate of healing is unusually fast.
You are covered in fur. (AC +1)
You have tough skin. (AC +1)


Message History

You scratch Ijyb but do no damage.
Ijyb is lightly wounded.
The bat hits you. You block Ijyb's attack.
You scratch Ijyb.
Ijyb is lightly wounded.
You block the bat's attack. The bat barely misses you. You block Ijyb's attack.
You scratch Ijyb.
Ijyb is moderately wounded.
You block the bat's attack. Ijyb hits you with a +0 dagger.
You closely miss Ijyb.
Ijyb is moderately wounded.
You block the bat's attack.
Ijyb screams, "Get away!"
Ijyb zaps a wand.
The puff of flame hits you!
You completely miss Ijyb.
Ijyb is moderately wounded.
Ijyb zaps a wand.
The puff of flame hits you!
* * * LOW HITPOINT WARNING * * *
The bat barely misses you. Ijyb hits you but does no damage.
You scratch Ijyb.
Ijyb is heavily wounded.
You block the bat's attack. You block Ijyb's attack.
You closely miss Ijyb.
Ijyb is heavily wounded.
You block the bat's attack.
Ijyb zaps a wand.
The puff of flame hits you!
* * * LOW HITPOINT WARNING * * *
You scratch Ijyb.
Ijyb is heavily wounded.
The bat barely misses you. The bat hits you but does no damage.
Ijyb hits you with a +0 dagger.
* * * LOW HITPOINT WARNING * * *
You scratch Ijyb but do no damage.
Ijyb is heavily wounded.
The bat barely misses you. You block the bat's attack.
Ijyb hits you with a +0 dagger.
* * * LOW HITPOINT WARNING * * *
You feel very mighty all of a sudden. The bat hits you but does no damage.
You block the bat's attack. Ijyb hits you with a +0 dagger.
You die...

...$....)##
...#.~~~~#
######.#~~~≈≈~##
......~~~≈≈≈≈~.
##.~~~~≈≈≈≈~~###.
~~~~≈≈≈≈≈~~~....
≈≈≈≈≈≈≈~~~#..#
≈≈≈≈~~~~g<...#
~~~~~#.b@#...#
##. #.....#.#
##.#.## # #.#.#
..#.# ##....
#.... ......


You could see Ijyb and a bat.

Vanquished Creatures
  An adder (D:2)
  A worm (D:2)
  3 dart slugs
  4 endoplasms
  2 giant cockroaches (D:2)
  3 goblins
  6 hobgoblins
  6 jackals
  A kobold (D:2)
  2 quokkas (D:1)
  4 ball pythons (D:2)
  3 bats
  4 frilled lizards
  9 rats
49 creatures vanquished.

Notes
Turn   | Place    | Note
-------+----------+-------------------------------------------
     0 | D:1      | lonewolfV2 the Troll Fighter began the quest for the Orb.
     0 | D:1      | Reached XP level 1. HP: 22/22 MP: 0/0
   127 | D:1      | Found a faded altar of an unknown god.
   368 | D:1      | Reached XP level 2. HP: 28/29 MP: 1/1
   828 | D:2      | Reached XP level 3. HP: 36/36 MP: 2/2
  1343 | D:2      | Reached XP level 4. HP: 44/44 MP: 3/3
  1468 | D:3      | Noticed Ijyb
  1500 | D:3      | HP: 1/44 [Ijyb/+0 dagger (4)]
  1501 | D:3      | Slain by Ijyb

Illustrated notes

Levels and vault maps discovered:
D:1:      dpeg_arrival_ratfight, layout_basic, basic_ecumenical_altar,
          corexii_corridor_pit, corexii_item_surrounded_by_moat
D:2:      layout_basic, amcnicky_mini_corridor_feature
D:3:      wander_river, layout_loops_ring, okawaru_metal_pillars_3,
          chequers_serial_rivers_micro_e, uniq_sigmund, uniq_ijyb

Skill      XL: |  1  2  3 |
---------------+----------+-----
Shields        | 3 |  3.1
Dodging        | 3 |  3.0
Fighting       | |  2.9
Unarmed Combat | |  2.8

Action                   |  1- 3 |  4- 6 || total
-------------------------+-------+-------++-------
Melee: Unarmed           |   127 |    28 ||   155
  Use: Potion            |       |     1 ||     1
Armor: Robe              |    61 |    10 ||    71
Dodge: Dodged            |    55 |    17 ||    72
Block: Kite shield       |    53 |    18 ||    71

Table legend: (Time is in decaauts)
 A = Elapsed time spent in this place.
 B = Non-inter-level travel time spent in this place.
 C = Inter-level travel time spent in this place.
 D = Time resting spent in this place.
 E = Time spent auto-exploring this place.
 F = Levels seen in this place.
 G = Mean time per level.
                   A        B        C        D        E       F      G
               +--------+--------+--------+--------+--------+-----+--------+
         Total |   1516 |   1473 |     43 |      0 |   1072 |   3 |  505.3 |
       Dungeon |   1516 |   1473 |     43 |      0 |   1072 |   3 |  505.3 |
               +--------+--------+--------+--------+--------+-----+--------+

Top non-repeatable levels by time:
     D:1: 806 daAuts
     D:2: 673 daAuts
     D:3: 35 daAuts
